 Dungeon Crawl Stone Soup version 0.22-b1-21-g5cfc168 (webtiles) character file.

7 Goblin1989 the Insei (level 1, -4/15 HPs)
             Began as a Demonspawn Transmuter on Aug 5, 2018.
             Killed from afar by a dart slug (8 damage)
             ... with a slug dart
             ... on level 1 of the Dungeon.
             The game lasted 00:00:46 (164 turns).

Goblin1989 the Insei (Demonspawn Transmuter)         Turns: 164, Time: 00:00:47

Health: -4/15      AC:  2    Str: 10    XL:     1   Next: 91%
Magic:  1/3        EV: 12    Int: 14    God:
Gold:   25         SH:  0    Dex: 13    Spells: 3/4 levels left

rFire    . . .     SeeInvis .     - Unarmed
rCold    . . .     Gourm    .   (no shield)
rNeg     . . .     Faith    .   b - +0 robe
rPois    .         Spirit   .   (no helmet)
rElec    .         Reflect  .   (no cloak)
rCorr    .         Harm     .   (no gloves)
MR       .....                  (boots currently unavailable)
Stlth    +.........             (no amulet)
HPRegen  0.05/turn              (no ring)
MPRegen  0.08/turn              (no ring)

@: appendage
A: talons 3
a: End Transformation


You were on level 1 of the Dungeon.
You were not hungry.
You had grown temporary talons.
You visited 1 branch of the dungeon, and saw 1 of its levels.

You collected 25 gold pieces.

Inventory:

Missiles
 a - 12 arrows
 h - 31 poisoned needles
Armour
 b - a +0 robe (worn)
Potions
 g - a potion of flight {unknown}
Comestibles
 e - a ration
 f - 2 chunks of flesh


   Skills:
 - Level 1.0 Fighting
 - Level 1.7 Dodging
 - Level 2.6 Unarmed Combat
 - Level 2.0 Spellcasting
 + Level 2.4 Transmutations


You had 3 spell levels left.
You knew the following spells:

 Your Spells              Type           Power        Failure   Level  Hunger
a - Beastly Appendage     Tmut           #.....       9%          1    ##.....

Your spell library contained the following spells:

 Spells                   Type           Power        Failure   Level  Hunger
 Spider Form              Tmut/Pois      #.........   41%         3    ####...
 Blade Hands              Tmut           #.........   94%         5    ######.
 Ice Form                 Ice/Tmut       #.......     82%         4    #####..
 Sticks to Snakes         Tmut           #.......     13%         2    ###....


Dungeon Overview and Level Annotations

Branches:
Dungeon (1/15)

Altars:


Innate Abilities, Weirdness & Mutations

You have claws for feet.


Message History

No target in view!
No target in view!
No target in view!
No target in view!
No target in view!
No target in view!
No target in view!
No target in view!
No target in view!
No target in view!
HP restored.
You butcher the bat corpse.
f - a chunk of flesh You see here a bat skeleton. x2
Health restored: 15 You now have 16 gold pieces.
You butcher the bat corpse.
f - 2 chunks of flesh (gained 1)
You see here a bat skeleton. x2
You now have 25 gold pieces (gained 9).
Key pressed, stopping explore.
g - a yellow potion A kobold comes into view.
Found a stone staircase leading down.
The kobold shouts!
The kobold hits you but does no damage.
You hit the kobold.
You kill the kobold!
No target in view!
No target in view!
No target in view!
No target in view!
No target in view!
No target in view!
No target in view!
No target in view!
No target in view!
No target in view!
No target in view!
No target in view!
No target in view!
No target in view!
No target in view!
No target in view!
No target in view!
No target in view!
No target in view!
No target in view!
No target in view!
No target in view!
No target in view!
No target in view!
No target in view!
No target in view!
No target in view!
Things that are here:
3 stones {@Q3}; a kobold corpse
Found a stone staircase leading down.
Things that are here:
3 stones {@Q3}; a kobold corpse You see here 18 poisoned needles.
h - 18 poisoned needles You see here a spear.
h - 31 poisoned needles (gained 13)
You see here 15 stones {@Q3}.
A dart slug comes into view.
A dart slug is nearby!
Casting: Beastly Appendage (safe; 10% risk of failure)
Confirm with . or Enter, or press ? or * to list all spells.
Your feet morph into talons.
Your transformation is almost over.
The dart slug launches a dart at you. The slug dart hits you!
You take 6 damage, and have 9/15 hp.
MASSIVE DAMAGE!!
You now have 2/3 mp. 2 dart slugs come into view.
A goblin comes into view. It is wielding a dagger.
The dart slug launches a dart at you. The slug dart hits you!
* * * LOW HITPOINT WARNING * * *
You take 3 damage, and have 6/15 hp.
Unknown command.
Casting: Beastly Appendage (safe; 10% risk of failure)
Confirm with . or Enter, or press ? or * to list all spells.
You extend your transformation's duration.
You now have 1/3 mp.
You hit the dart slug but do no damage. You claw the dart slug.
The dart slug is heavily wounded.
You hit the dart slug. You claw the dart slug.
You kill the dart slug!
The dart slug bites you.
* * * LOW HITPOINT WARNING * * *
You see here a dart slug corpse.
You take 3 damage, and have 4/15 hp.
Unknown command.
You hit the dart slug but do no damage. You claw the dart slug.
The dart slug is moderately wounded.
The dart slug launches a dart at you. The slug dart hits you!
Ouch! That really hurt!
You die...

.........██ █............
..........█ █..÷.........
g.........█ █..███.█████.
..........████..█..÷....█.
............██..█.......█.
..........█ █..........█.
..........█ █..█...<...█.
........w█████..█.......█.
.w......█@..██..█.........
█..█..█████.....█.......█.
.....█ ████..█.......█.
...██ █..█████.███. █..
█.... .. .. █..... ..
█████.█ .█ .


You could see a dart slug.

Vanquished Creatures
  A dart slug (D:1)
  2 bats (D:1)
  A goblin (D:1)
  A kobold (D:1)
5 creatures vanquished.

Notes
Turn   | Place    | Note
-------+----------+-------------------------------------------
     0 | D:1      | Goblin1989 the Demonspawn Transmuter began the quest for the Orb.
     0 | D:1      | Reached XP level 1. HP: 15/15 MP: 3/3
   164 | D:1      | Killed from afar by a dart slug

Skill      XL: |  1 |
---------------+----+-----
Transmutations | 2 |  2.4
Fighting       | |  1.0
Dodging        | |  1.7
Unarmed Combat | |  2.6
Spellcasting   | |  2.0

Action                   || total
-------------------------++-------
Melee: Unarmed           ||    16
       Kick              ||     3
       Punch             ||     1
 Cast: Beastly Appendage ||     2
Armor: Robe              ||     8
Dodge: Dodged            ||    17

Vault maps used:
D:1:      lemuel_arrival_room
